 Dungeon Crawl Stone Soup version 0.17-a0-755-g4391640 (webtiles) character file.

548 seriallos the Cudgeler (level 7, -23/87 HPs)
             Began as a Minotaur Berserker on Apr 22, 2015.
             Was an Elder of Trog.
             Annihilated by an orc warrior
             ... wielding a +0 flail
              (24 damage)
             ... on level 5 of the Dungeon.
             The game lasted 00:27:23 (3071 turns).

seriallos the Cudgeler (Minotaur Berserker)         Turns: 3071, Time: 00:27:24

Health: -23/87     AC:  2    Str: 28    XL:     7   Next: 7%
Magic:  6/6        EV: 14    Int:  4    God:    Trog [****..]
Gold:   90         SH:  0    Dex: 10    Spells: 0 memorised, 6 levels left

rFire  . . .     SeeInvis .     a - +0 mace
rCold  . . .     Clarity  .     b - +0 animal skin
rNeg   . . .     SustAb   .     (no shield)
rPois  .         Gourm    .     (helmet restricted)
rElec  .         Spirit   .     (no cloak)
rCorr  .         Warding  .     (no gloves)
rMut   .         Stasis   .     (no boots)
MR     .....                    (no amulet)
Stlth  ..........               (no ring)
                                (no ring)

@: berserking, very quick, not resistant to hostile enchantments, extremely
unstealthy
A: retaliatory headbutt, horns 2
a: Burn Spellbooks, Berserk, Trog's Hand, Brothers in Arms, Renounce Religion


You were on level 5 of the Dungeon.
You worshipped Trog.
Trog was greatly pleased with you.
You were not hungry.

You visited 1 branch of the dungeon, and saw 5 of its levels.

You collected 90 gold pieces.

Inventory:

Hand weapons
 a - a +0 mace (weapon)
 e - a +0 dagger
 l - a +0 short sword
Missiles
 d - 41 arrows
Armour
 b - a +0 animal skin (worn)
 f - a +0 robe
 i - a +0 pair of boots
 s - a +0 ring mail
 t - a +2 buckler
 y - a +0 ring mail
Jewellery
 k - an uncursed ring of stealth {unknown}
Scrolls
 h - a scroll of identify {unknown}
 m - a scroll of recharging {unknown}
 o - 2 scrolls of enchant armour {unknown}
 q - 2 scrolls of remove curse {unknown}
 x - a scroll of magic mapping {unknown}
Potions
 g - a potion of ambrosia {unknown}
 j - 3 potions of curing
 p - a potion of haste {unknown}
 u - a potion of heal wounds {unknown}
 v - a potion of brilliance {unknown}
 z - 2 potions of restore abilities {unknown}
Comestibles
 c - 2 bread rations
 n - a meat ration
 r - a chunk of flesh
 w - 3 beef jerkies
 A - 3 inedible chunks of flesh


   Skills:
 - Level 3.9 Fighting
 + Level 6.7 Maces & Flails
 + Level 2.8 Armour
 + Level 6.2 Dodging
 + Level 1.0 Stealth


You had 6 spell levels left.
You didn't know any spells.

Dungeon Overview and Level Annotations

Branches:
Dungeon (5/15)
 Temple: D:4-7

Altars:
Nemelex Xobeh
Vehumet
Xom

Portals:
Ossuary: D:4


Innate Abilities, Weirdness & Mutations

You reflexively headbutt those who attack you in melee.
You have a pair of horns on your head.


Message History

A red film seems to cover your vision as you go berserk!
You feel yourself moving faster!
You feel mighty!
You feel somewhat more hungry. The orc completely misses you.
The orc warrior misses you.
You barely miss the orc.
The orc is severely wounded.
You bludgeon the orc!!
You kill the orc!
Trog accepts your kill. The orc warrior hits you with a flail!
* * * LOW HITPOINT WARNING * * *
You sock the orc!
You kill the orc!
Trog accepts your kill.
You closely miss the orc warrior. The orc warrior completely misses you.
You hit the orc warrior but do no damage.
You headbutt the orc warrior.
The orc warrior is lightly wounded.
The orc warrior hits you with a flail!!
You die...

###.. .....
...# ..# ..
#.### #...
##...####....
#..........#
##o........#
#@)###....##
#..## ##....#
#..## #.....#
#..# #..##..#
...# #.## #.#
..<# ##.# .#
.# #..# #.##
##.##


You could see an orc warrior.

Vanquished Creatures
  An ogre (D:4)
  A scorpion (D:4)
  The ghost of Ontamu the Chopper, a weakling GrGl (D:3)
  An orc priest (D:3)
  A hound (D:4)
  2 worker ants
  A hound zombie (D:5)
  A hound skeleton (D:4)
  11 adders
  3 oozes
  4 worms
  A giant gecko (D:2)
  12 orcs
  5 ball pythons
  16 bats
  7 giant cockroaches
  10 hobgoblins
  7 jackals
  8 kobolds
  3 giant newts
  14 goblins
  A quokka (D:2)
  8 rats
119 creatures vanquished.

Notes
Turn   | Place    | Note
--------------------------------------------------------------
     0 | D:1      | seriallos, the Minotaur Berserker, began the quest for the Orb.
     0 | D:1      | Reached XP level 1. HP: 19/19 MP: 0/0
   232 | D:1      | Reached skill level 4 in Maces & Flails
   232 | D:1      | Reached XP level 2. HP: 21/27 MP: 1/1
   642 | D:2      | Reached XP level 3. HP: 23/33 MP: 2/2
   745 | D:2      | Acquired Trog's second power
   994 | D:2      | Found a sparkling altar of Nemelex Xobeh.
  1258 | D:2      | Reached XP level 4. HP: 31/40 MP: 3/3
  1554 | D:3      | Reached skill level 5 in Maces & Flails
  1696 | D:3      | Found a radiant altar of Vehumet.
  1719 | D:3      | Reached XP level 5. HP: 46/46 MP: 4/4
  1905 | D:3      | Found a shimmering altar of Xom.
  2179 | D:3      | Noticed Ontamu's ghost (weakling GrGl)
  2189 | D:3      | Killed Ontamu's ghost
  2392 | D:4      | Found a sand-covered staircase.
  2458 | D:4      | Reached skill level 5 in Dodging
  2507 | D:4      | Reached skill level 6 in Maces & Flails
  2507 | D:4      | Reached XP level 6. HP: 50/52 MP: 5/5
  2612 | D:4      | Noticed an ogre
  2621 | D:4      | Killed an ogre
  2621 | D:4      | Acquired Trog's third power
  2954 | D:4      | Reached skill level 1 in Stealth
  2954 | D:4      | Reached XP level 7. HP: 41/58 MP: 6/6
  3022 | D:5      | Entered Level 5 of the Dungeon
  3068 | D:5      | HP: 1/87 [orc warrior/flail (10)]
  3071 | D:5      | Annihilated by an orc warrior

Action                   |  1- 3 |  4- 6 |  7- 9 || total
-------------------------+-------+-------+-------++-------
Melee: Mace              |    82 |   150 |    12 ||   244
Invok: Berserk           |     1 |     2 |     1 ||     4
  Use: Potion            |     1 |       |       ||     1
 Stab: Sleeping          |       |       |     1 ||     1
  Eat: Chunk             |     2 |     7 |     1 ||    10
